 Dungeon Crawl Stone Soup version 0.29-a0-284-gf9362112df (webtiles) character file.

Game seed: 16752081235424649470

37 mistaj the Chopper (level 3, -2/31 HPs)
             Began as a Minotaur Gladiator on Mar 23, 2022.
             Slain by a goblin
             ... wielding a +0 club
             ... led by Robin
              (4 damage)
             ... on level 2 of the Dungeon.
             The game lasted 00:01:23 (650 turns).

mistaj the Chopper (Minotaur Gladiator)              Turns: 650, Time: 00:01:23

Health: -2/31      AC: 10    Str: 18    XL:     3   Next: 21%
Magic:  2/2        EV:  6    Int:  7    God:
Gold:   6          SH:  0    Dex: 11    Spells: 2/2 levels left

rFire   . . .      SeeInvis .   a - +0 war axe
rCold   . . .      Faith    .   (no shield)
rNeg    . . .      Spirit   .   h - +0 plate armour
rPois   .          Reflect  .   c - +0 hat
rElec   .          Harm     .   (no cloak)
rCorr   .          Rampage  .   (no gloves)
Will    .....                   (no boots)
Stlth   ..........              (no amulet)
HPRegen 0.10/turn               (no ring)
MPRegen 0.08/turn               (no ring)

@: no status effects
A: horns 2, retaliatory headbutt
a: no special abilities


You were on level 2 of the Dungeon.
You visited 1 branch of the dungeon, and saw 2 of its levels.

You collected 6 gold pieces.

Inventory:

Hand Weapons
 a - a +0 war axe (weapon)
Missiles
 d - 3 throwing nets (quivered)
 e - a javelin
Armour
 c - a +0 hat (worn)
 h - a +0 plate armour (worn)
Scrolls
 b - a scroll of magic mapping {unknown}
 f - a scroll of amnesia {unknown}
 g - a scroll of enchant armour {unknown}
 j - a scroll of enchant weapon {unknown}
 k - a scroll of noise {unknown}
Potions
 i - a potion of invisibility {unknown}


   Skills:
 + Level 3.0 Fighting
 * Level 4.5 Axes
 - Level 2.0 Throwing
 + Level 1.4 Armour
 - Level 3.2 Dodging


You had 2 spell levels left.
You didn't know any spells.
Your spell library was empty.

Dungeon Overview and Level Annotations

Branches:
Dungeon (2/15)

Altars:

Annotations:
D:2 Robin


Innate Abilities, Weirdness & Mutations

You have a pair of horns on your head.
You reflexively headbutt those who attack you in melee.


Message History

You kill the hobgoblin!
You barely miss the goblin. Your headbutt misses the goblin.
The goblin hits you but does no damage.
You hit the goblin but do no damage. The goblin hits you but does no damage.
The goblin barely misses you.
You slash the goblin!
You kill the goblin!
No target in view!
No target in view!
No target in view!
You start resting.
HP restored.
Things that are here:
a +0 dagger; a +0 club; a goblin corpse No target in view!
A goblin comes into view.
It is wielding a +2 dagger of distortion.
The goblin shouts!
You hear a shout! x2
A hobgoblin comes into view.
You hear a shout!
Robin of the Strong Arm comes into view.
They are wielding a +0 short sword and carrying a wand of flame (22).
A hobgoblin comes into view.
The goblin hits you with a +2 dagger of distortion.
Space warps horribly around you!!
Ouch! That really hurt!
* * * LOW HITPOINT WARNING * * *
Robin roars a battlecry!
The goblins go into a battle-frenzy!
The hobgoblin shouts!
You slash the goblin!
You kill the goblin!
You hear a shout!
A goblin comes into view. It is wielding a +0 club.
A goblin comes into view. It is wielding a +0 dagger.
Robin throws the goblin at you!
* * * LOW HITPOINT WARNING * * *
The goblin hits you but does no damage. Robin throws the goblin at you!
A goblin comes into view. It is wielding a +0 club.
The goblin barely misses you. The goblin hits you with a +0 club.
You die...

#.# ####.....# ..g..g# #.#
.....#..# .g.g..#
#.######.#.#..# ......#
#.#....#......# ......#
#........####.# ...g..#
#......######.##### ...g..#
.(.....+..........###g.....#
.......######....g.)....#
.......+...)....@.g.....#
<#.....#######...g..........
.#.....# #..............
.####### #.............. .#
#..........<... ##
#..............
##########..... ..


You could see 2 hobgoblins and 2 goblins.

Vanquished Creatures
  An adder (D:1)
  3 ball pythons
  An endoplasm (D:1)
  A giant cockroach (D:1)
  4 goblins
  4 hobgoblins
  2 jackals (D:1)
  A quokka (D:1)
  3 bats (D:1)
  A frilled lizard (D:1)
  A kobold (D:2)
  2 rats
24 creatures vanquished.

Notes
Turn   | Place    | Note
-------+----------+-------------------------------------------
     0 | D:1      | mistaj the Minotaur Gladiator began the quest for the Orb.
     0 | D:1      | Reached XP level 1. HP: 18/18 MP: 0/0
   134 | D:1      | Reached skill level 4 in Axes
   136 | D:1      | Reached XP level 2. HP: 25/25 MP: 1/1
   255 | D:1      | Reached skill level 1 in Armour
   462 | D:1      | Reached XP level 3. HP: 29/31 MP: 2/2
   646 | D:2      | Noticed Robin
   648 | D:2      | HP: 1/31 [Robin/goblin (2)]
   650 | D:2      | Slain by a goblin

Illustrated notes

Levels and vault maps discovered:
D:1:      erik_arrival_blinker_ship, layout_rooms, minmay_pentomino_p2
D:2:      layout_basic, shapermc_ecumenical_altar_hornbeckon, serial_shops,
          shop_statue, uniq_robin

Skill      XL: |  1  2 |
---------------+-------+-----
Axes           | 4 |  4.5
Armour         | 1 |  1.4
Fighting       | 3 |  3.0
Throwing       | |  2.0
Dodging        | |  3.2

Action                   || total
-------------------------++-------
Melee: War axe           ||    45
       Headbutt          ||     2
Armor: Scale mail        ||     6
       Leather armour    ||     3
       Plate armour      ||    28
Dodge: Dodged            ||    28

Table legend: (Time is in decaauts)
 A = Elapsed time spent in this place.
 B = Non-inter-level travel time spent in this place.
 C = Inter-level travel time spent in this place.
 D = Time resting spent in this place.
 E = Time spent auto-exploring this place.
 F = Levels seen in this place.
 G = Mean time per level.
                   A        B        C        D        E       F      G
               +--------+--------+--------+--------+--------+-----+--------+
         Total |    663 |    660 |      3 |    144 |    306 |   2 |  331.5 |
       Dungeon |    663 |    660 |      3 |    144 |    306 |   2 |  331.5 |
               +--------+--------+--------+--------+--------+-----+--------+

Top non-repeatable levels by time:
     D:1: 470 daAuts
     D:2: 193 daAuts
